 Dungeon Crawl Stone Soup version 0.23.1 (webtiles) character file.

Game seed: 3885447402573884449

67 Andrea the Firebug (level 4, -7/36 HPs)
             Began as a Deep Elf Fire Elementalist on Mar 12, 2019.
             Mangled by Crazy Yiuf
             ... wielding a +4 quarterstaff of chaos
              (20 damage)
             ... on level 2 of the Dungeon.
             The game lasted 00:03:17 (1609 turns).

Andrea the Firebug (Deep Elf Fire Elementalist)     Turns: 1609, Time: 00:03:18

Health: -7/36      AC: 22    Str: 11    XL:     4   Next: 0%
Magic:  4/11       EV:  2    Int: 20    God:
Gold:   101        SH:  0    Dex: 15    Spells: 0/10 levels left

rFire    + . .     SeeInvis .   l - +0 short sword (flame)
rCold    . . .     Gourm    .   (no shield)
rNeg     + + +     Faith    .   (armour currently unavailable)
rPois    +         Spirit   .   (helmet currently unavailable)
rElec    .         Reflect  .   (cloak currently unavailable)
rCorr    .         Harm     .   (gloves currently unavailable)
MR       .....     NoTele   +   (boots currently unavailable)
Stlth    ++........             g - amulet of the acrobat
HPRegen  0.12/turn              e - ring of protection from fire
MPRegen  0.12/turn              (no ring)

@: mighty, lethally poisoned (-7 -> -14), tree-form, very slightly contaminated
A: no striking features
a: no special abilities


You were on level 2 of the Dungeon.
You were not hungry.
You were a tree.
You visited 1 branch of the dungeon, and saw 2 of its levels.

You collected 101 gold pieces.

Inventory:

Hand Weapons
 l - a +0 short sword of flaming (weapon)
Armour
 a - a +0 robe (melded)
 k - a +2 pair of gloves of dexterity (melded)
Jewellery
 e - a ring of protection from fire (left branch)
 g - an amulet of the acrobat (around neck)
Scrolls
 d - a scroll of noise {unknown}
 f - 2 scrolls of identify {unknown}
 h - a scroll of immolation {unknown}
 i - a scroll of enchant armour {unknown}
 o - 3 scrolls of teleportation {unknown}
 p - a scroll of remove curse {unknown}
Potions
 n - a potion of mutation {unknown}
Comestibles
 c - 6 rations


   Skills:
 - Level 2.4 Dodging
 - Level 2.4 Stealth
 + Level 3.8 Spellcasting
 * Level 3.0 Conjurations
 + Level 4.0 Fire Magic


You couldn't memorise any spells.
You knew the following spells:

 Your Spells              Type           Power        Failure   Level  Hunger
a - Flame Tongue          Conj/Fire      ###..        3%          1    None
b - Throw Flame           Conj/Fire      ###...       4%          2    ##.....
c - Conjure Flame         Conj/Fire      ###.....     9%          3    ###....
d - Sticky Flame          Conj/Fire      ###.....     30%         4    ####...

Your spell library contained the following spells:

 Spells                   Type           Power        Failure   Level  Hunger
 Inner Flame              Hex/Fire       ##......     17%         3    ###....
 Fireball                 Conj/Fire      ###.......   63%         5    ######.


Dungeon Overview and Level Annotations

Branches:
Dungeon (2/15)

Altars:
Qazlal

Annotations:
D:2 Crazy Yiuf


Message History

You feel sick.
You feel sick.
You feel sick.
You feel sick.
You feel sick.
You feel sick.
It was a potion of lignification.
You turn into a tree.
Your +2 pair of gloves of dexterity melds into your body.
Your +0 robe melds into your body.
You feel clumsy.
Your roots penetrate the ground.
You feel sick. Crazy Yiuf hits you but does no damage.
It was a potion of might.
You feel very mighty all of a sudden.
You feel sick. Crazy Yiuf hits you but does no damage.
You puncture Crazy Yiuf! You burn Crazy Yiuf.
Crazy Yiuf is almost dead.
Crazy Yiuf hits you but does no damage.
You are electrocuted!!
Ouch! That really hurt!
You die...

... #'# ♣.♣♣ #### ♣♣.♣ <..#
♣.♣♣ ...# ♣♣.♣ ...## ♣♣.♣♣
.#).# ♣♣PPg♣ ....## ♣PP♣♣♣
###..### #....# #....###
##..########## ##.....#
###...#........# # #.....#
#....##........#
#####....###.#####........##
.#.......#...# #.........#
...##......### #..(....).#
..####....## #########.#


You could see Crazy Yiuf.

Vanquished Creatures
  A worm (D:2)
  3 dart slugs
  A leopard gecko (D:2)
  7 bats
  3 giant cockroaches
  5 goblins
  9 hobgoblins
  3 jackals (D:2)
  A quokka (D:2)
  4 frilled lizards
  9 kobolds
  5 rats
  A fungus (D:2)
52 creatures vanquished.

Notes
Turn   | Place    | Note
-------+----------+-------------------------------------------
     0 | D:1      | Andrea the Deep Elf Fire Elementalist began the quest for
                  | the Orb.
     0 | D:1      | Reached XP level 1. HP: 10/10 MP: 6/6
   282 | D:1      | Reached XP level 2. HP: 15/15 MP: 2/8
   580 | D:1      | Reached XP level 3. HP: 13/19 MP: 0/10
  1036 | D:2      | Learned a level 2 spell: Throw Flame
  1040 | D:2      | Learned a level 3 spell: Conjure Flame
  1143 | D:2      | Found a stormy altar of Qazlal.
  1270 | D:2      | Reached skill level 4 in Fire Magic
  1467 | D:2      | Reached XP level 4. HP: 23/24 MP: 4/11
  1474 | D:2      | Learned a level 4 spell: Sticky Flame
  1594 | D:2      | Found a runed translucent door.
  1595 | D:2      | Noticed Crazy Yiuf
  1609 | D:2      | Mangled by Crazy Yiuf

Skill      XL: |  1  2  3 |
---------------+----------+-----
Conjurations   | 2 3 |  3.0
Fire Magic     | 4 |  4.0
Dodging        | |  2.4
Stealth        | |  2.4
Spellcasting   | |  3.8

Action                   |  1- 3 |  4- 6 || total
-------------------------+-------+-------++-------
Melee: Short sword       |    11 |    14 ||    25
       Unarmed           |     1 |       ||     1
 Cast: Flame Tongue      |    84 |     1 ||    85
       Throw Flame       |     2 |       ||     2
  Use: Potion            |       |     2 ||     2
 Stab: Sleeping          |     1 |       ||     1
  Eat: Chunk             |     2 |       ||     2
Armor: Robe              |    10 |       ||    10
       Skin              |       |     3 ||     3
Dodge: Dodged            |    33 |       ||    33
